 Dungeon Crawl Stone Soup version 0.22.1-57-g7394efd48c (webtiles) character file.

32 Acheron the Charmwright (level 3, -1/28 HPs)
             Began as a Merfolk Skald on Mar 22, 2019.
             Killed by divine providence
             ... invoked by an orc priest
              (16 damage)
             ... on level 3 of the Dungeon.
             The game lasted 00:04:57 (921 turns).

Acheron the Charmwright (Merfolk Skald)              Turns: 921, Time: 00:04:57

Health: -1/28      AC:  4    Str: 11    XL:     3   Next: 27%
Magic:  6/6        EV: 13    Int: 12    God:
Gold:   72         SH:  0    Dex: 14    Spells: 5/6 levels left

rFire    . . .     SeeInvis .   a - +0 falchion
rCold    . . .     Gourm    .   (no shield)
rNeg     . . .     Faith    .   b - +0 leather armour
rPois    .         Spirit   .   (no helmet)
rElec    .         Reflect  .   (no cloak)
rCorr    .         Harm     .   (no gloves)
MR       .....                  l - +0 pair of boots
Stlth    ++........             (no amulet)
HPRegen  0.09/turn              (no ring)
MPRegen  0.10/turn              (no ring)

@: no status effects
A: change form in water, swift swim, stealthy swim
a: no special abilities


You were on level 3 of the Dungeon.
You were not hungry.

You visited 1 branch of the dungeon, and saw 3 of its levels.

You collected 72 gold pieces.

Inventory:

Hand Weapons
 a - a +0 falchion (weapon)
 j - a +0 dagger of electrocution
   (You took it off a goblin on level 1 of the Dungeon)
Missiles
 c - 71 stones (quivered)
 i - 15 sling bullets
Armour
 b - a +0 leather armour (worn)
 h - a +0 scale mail
   (You found it on level 1 of the Dungeon)
 l - a +0 pair of boots (worn)
   (You found it on level 1 of the Dungeon)
Jewellery
 g - a +6 ring of evasion {unknown}
   (You found it on level 1 of the Dungeon)
Scrolls
 f - a scroll of magic mapping {unknown}
Potions
 k - a potion of lignification {unknown}
Comestibles
 d - 2 chunks of flesh
 e - 3 rations {!d}


   Skills:
 + Level 2.5 Fighting
 + Level 2.3 Long Blades
 + Level 1.0 Armour
 * Level 3.3 Dodging
 * Level 1.3 Stealth
 + Level 2.1 Spellcasting
 + Level 3.4 Charms


You had 5 spell levels left.
You knew the following spells:

 Your Spells              Type           Power        Failure   Level  Hunger
a - Infusion              Chrm           #...         9%          1    ##.....

Your spell library contained the following spells:

 Spells                   Type           Power        Failure   Level  Hunger
 Song of Slaying          Chrm           #.......     13%         2    ###....
 Shroud of Golubria       Chrm/Tloc      #.........   26%         2    ###....
 Magic Dart               Conj           #...         34%         1    ##.....
 Regeneration             Chrm/Necr      #.........   45%         3    ####...
 Spectral Weapon          Hex/Chrm       #.......     45%         3    ####...
 Blink                    Tloc           N/A          47%         2    ###....
 Call Imp                 Summ           #.......     47%         2    ###....
 Slow                     Hex            #.......     47%         2    ###....
 Conjure Flame            Conj/Fire      #.......     71%         3    ####...
 Mephitic Cloud           Conj/Pois/Air  #.......     71%         3    ####...


Dungeon Overview and Level Annotations

Branches:
Dungeon (3/15)

Altars:

Annotations:
D:1 exclusion: downstairs


Message History

The bat hits you but does no damage.
An orc comes into view. It is wielding a club.
The bat hits you but does no damage.
You barely miss the bat. The bat closely misses you.
The bat hits you but does no damage. The bat hits you.
Found a hardcover book.
A goblin comes into view.
The bat hits you but does no damage. x2
Found a ration and a ring mail.
The bat completely misses you. The bat barely misses you.
You riposte.
You closely miss the bat.
You see here a book of Minor Magic.
You pick up a book of Minor Magic and begin reading...
You add the spells Magic Dart, Blink, Call Imp, Slow, Conjure Flame and Mephitic Cloud to your library.
The bat hits you but does no damage. x2
The bat misses you. The bat hits you but does no damage.
Found a stone staircase leading down.
The bat barely misses you. The bat hits you but does no damage.
The bat barely misses you.
Found a fizzy silvery potion.
You closely miss the bat. The bat barely misses you. The bat hits you.
You completely miss the bat. The bat hits you but does no damage.
You hit the bat but do no damage. The bat hits you but does no damage.
The bat closely misses you.
You riposte.
You barely miss the bat.
An orc priest comes into view. It is wielding a flail.
The orc priest shouts!
You hit the bat. The bat barely misses you.
The bat hits you but does no damage.
You closely miss the bat. The bat closely misses you.
The orc priest calls down the wrath of Beogh upon you.
Beogh smites you!
The orc shouts! x2
You hit the bat.
You kill the bat!
You hear a shout!
An orc comes into view. It is wielding a club.
You barely miss the goblin.
The orc priest begins to cast a cantrip, but forgets the words!
The goblin barely misses you.
You miss the goblin. The goblin hits you but does no damage.
You closely miss the goblin. The goblin hits you.
You hit the goblin but do no damage. The goblin closely misses you.
The orc priest begins to cast a cantrip, but forgets the words!
There is a stone staircase leading down here.
The goblin hits you.
The orc priest calls down the wrath of Beogh upon you.
Beogh smites you!
Ouch! That really hurt!
You die...

##...<.##.####..#
#.....##.# ..#
#.....##.####....
###o#.............
#o#.##..#######.
##.#o##.##
#.r..[..#
#og#.##.# #@.#.# #
#.......#
#.##.##.# #....#
#...!. ##.#### .#
.#


You could see an orc priest, 3 orcs, a goblin and a rat.

Vanquished Creatures
  An ooze (D:1)
  2 dart slugs (D:1)
  A leopard gecko (D:1)
  A bat (D:3)
  2 giant cockroaches
  3 goblins (D:1)
  3 hobgoblins (D:1)
  2 jackals (D:1)
  2 kobolds (D:1)
  A frilled lizard (D:2)
  2 rats (D:1)
20 creatures vanquished.

Notes
Turn   | Place    | Note
-------+----------+-------------------------------------------
     0 | D:1      | Acheron the Merfolk Skald began the quest for the Orb.
     0 | D:1      | Reached XP level 1. HP: 16/16 MP: 3/3
   260 | D:1      | Reached XP level 2. HP: 19/22 MP: 5/5
   348 | D:1      | Reached skill level 1 in Stealth
   559 | D:1      | Reached XP level 3. HP: 25/28 MP: 6/6
   880 | D:2      | Reached skill level 1 in Armour
   921 | D:3      | Killed from afar by an orc priest

Skill      XL: |  1  2  3 |
---------------+----------+-----
Dodging        | 3 |  3.3
Stealth        | 1 |  1.3
Armour         | 1 |  1.0
Fighting       | |  2.5
Long Blades    | |  2.3
Spellcasting   | |  2.1
Charms         | |  3.4

Action                   || total
-------------------------++-------
Melee: Falchion          ||    61
Throw: Stone             ||     4
Armor: Leather armour    ||    25
Dodge: Dodged            ||    55
       Rpst.: Falchion   ||    19
